 Dungeon Crawl Stone Soup version 0.23.1 (webtiles) character file.

Game seed: 0

698735 PikkenKukken the Slayer (level 27, -7/209 HPs)
             Began as a Demonspawn Wanderer on Mar 14, 2019.
             Was a Follower of Uskayaw.
             Mangled by a golden dragon (38 damage)
             ... on level 2 of the Realm of Zot on Mar 18, 2019.
             The game lasted 05:40:13 (87038 turns).

PikkenKukken the Slayer (Demonspawn Wanderer)      Turns: 87038, Time: 05:40:14

Health: -7/209     AC: 27    Str: 23      XL:     27
Magic:  37/37      EV: 23    Int: 16 (17) God:    Uskayaw [*.....]
Gold:   8062       SH: 21    Dex: 23      Spells: 32/56 levels left

rFire    + + +     SeeInvis .   M - +9 quick blade (freeze)
rCold    + + .     Gourm    .   y - +5 shield of Leapfrog {rPois rF+ Str+4 Int-4}
rNeg     + . .     Faith    +   Z - +4 gold dragon scales
rPois    +         Spirit   .   L - +1 hat {MR+}
rElec    +         Reflect  .   a - scarf {rC+ rF+}
rCorr    +         Harm     .   G - +2 pair of gloves {Dex+3}
MR       +++++                  (boots unavailable)
Stlth    ..........             j - amulet "Motosok" {Faith *Corrode rElec Slay+3}
HPRegen  0.44/turn              S - +5 ring of slaying
MPRegen  0.25/turn              K - ring of Ehoy {rPois MR+ Int+3 Stlth+}

@: agile, corroded
A: beak, talons 3, yellow scales 3, demonic guardian 3, frail 1, low mp 1, magic
resistance 2, negative energy resistance 1, poison resistance, powered by pain
3, 50% torment resistance, evolution 1, black mark
}: 5/15 runes: decaying, slimy, silver, abyssal, gossamer
a: Stomp, Renounce Religion


You were on level 2 of the Realm of Zot.
You worshipped Uskayaw.
Uskayaw was aware of your devotion.
You were completely stuffed.

You visited 13 branches of the dungeon, and saw 56 of its levels.
You visited the Abyss 3 times.
You also visited: Trove, Bailey, Gauntlet, Ice Cave and Wizlab.

You collected 9130 gold pieces.
You spent 1068 gold pieces at shops.

Inventory:

Hand Weapons
 M - a +9 quick blade of freezing (weapon)
 R - the +10 dagger of the Coward {antimagic, rPois rN+}
   (Okawaru gifted it to you on level 2 of the Vaults)

   It reduces the magical energy of the wielder, and disrupts the spells and
   magical abilities of those hit.
   Natural abilities and divine invocations are not affected.
   It protects you from poison.
   It protects you from negative energy.
Armour
 a - a scarf of resistance (worn)
 y - the +5 shield of Leapfrog (worn) {rPois rF+ Str+4 Int-4}
   (Okawaru gifted it to you on level 2 of the Depths)

   It affects your strength (+4).
   It affects your intelligence (-4).
   It protects you from fire.
   It protects you from poison.
 G - a +2 pair of gloves of dexterity (worn)
 L - a +1 hat of magic resistance (worn)
 Z - +4 gold dragon scales (worn)
Jewellery
 j - the amulet "Motosok" (around neck) {Faith *Corrode rElec Slay+3}
   (You found it on level 4 of the Depths)

   [amulet of faith]

   It allows you to gain divine favour quickly.
   It affects your accuracy and damage with ranged weapons and melee attacks
   (+3).
   It insulates you from electricity.
   It may corrode you when you take damage.
 l - the amulet of Omampogy {Reflect -Tele rElec rPois rN+ SH+4}
   (You found it on level 6 of the Lair of Beasts)

   [amulet of reflection]

   It shields you and reflects attacks.
   It insulates you from electricity.
   It protects you from poison.
   It protects you from negative energy.
   It prevents most forms of teleportation.
   It affects your SH (+4).
 J - the ring "Qusma" {rC+ rN+ MP+9 Stlth-}
   (You took it off a frost giant on level 4 of the Depths)

   [ring of attention]

   It protects you from cold.
   It protects you from negative energy.
   It affects your magic capacity (+9).
   It makes you less stealthy.
 K - the ring of Ehoy (right hand) {rPois MR+ Int+3 Stlth+}
   (You found it in a treasure trove)

   [ring of poison resistance]

   It affects your intelligence (+3).
   It protects you from poison.
   It affects your resistance to hostile enchantments.
   It makes you more stealthy.
 S - a +5 ring of slaying (left hand)
 T - the ring "Lolualiob" {+Fly Int+5 Dex+4}
   (You found it in a treasure trove)

   [ring of intelligence]

   It affects your intelligence (+5).
   It affects your dexterity (+4).
   It lets you fly.
Wands
 g - a wand of iceblast (16)
 t - a wand of digging (31)
 v - a wand of paralysis (68)
 w - a wand of clouds (15)
 B - a wand of flame (62)
 D - a wand of acid (20)
Scrolls
 b - 15 scrolls of teleportation
 e - 8 scrolls of fear
 n - 11 scrolls of enchant weapon
 p - 9 scrolls of identify
 r - 9 scrolls of fog
 E - 7 scrolls of blinking
 N - 28 scrolls of remove curse
 U - a scroll of summoning
 W - 5 scrolls of magic mapping
Potions
 d - 4 potions of berserk rage
 h - 12 potions of curing
 k - 11 potions of flight
 o - 9 potions of haste
 s - 2 potions of invisibility
 u - 5 potions of agility
 x - 6 potions of brilliance
 z - 11 potions of mutation
 A - 7 potions of magic
 F - 5 potions of heal wounds
 H - 4 potions of resistance
 O - 7 potions of might
 V - 4 potions of cancellation
Miscellaneous
 c - a lamp of fire
 i - a phantom mirror
 C - a lamp of fire
Comestibles
 f - 79 rations
 m - 3 chunks of flesh


   Skills:
 + Level 22.6 Fighting
 - Level 10.0 Short Blades
 - Level 20.0 Armour
 - Level 20.0 Dodging
 - Level 1.0 Stealth
 - Level 18.0 Shields
 - Level 1.0 Unarmed Combat
 - Level 15.0 Spellcasting
   Level 6.0 Hexes
 - Level 6.0 Charms
 + Level 18.2 Necromancy
 - Level 10.0 Invocations
 - Level 10.3 Evocations


You had 32 spell levels left.
You knew the following spells:

 Your Spells              Type           Power        Failure   Level  Hunger
a - Animate Dead          Necr           N/A          1%          4    #......
b - Animate Skeleton      Necr           N/A          1%          1    None
c - Regeneration          Chrm/Necr      ######....   1%          3    None
d - Excruciating Wounds   Chrm/Necr      ######....   19%         5    ####...
e - Death Channel         Necr           ######....   9%          6    ######.
f - Agony                 Necr           ######..     1%          5    ####...

Your spell library contained the following spells:

 Spells                   Type           Power        Failure   Level  Hunger
 Pain                     Necr           ####         1%          1    None
 Corpse Rot               Necr           N/A          1%          2    None
 Sublimation of Blood     Necr           ######....   1%          2    None
 Vampiric Draining        Necr           ######....   1%          3    None
 Dispel Undead            Necr           ######..     1%          5    ####...
 Confusing Touch          Hex            ####..       9%          1    None
 Corona                   Hex            ####...      9%          1    None
 Infusion                 Chrm           ####         9%          1    None
 Slow                     Hex            ####....     13%         2    None
 Song of Slaying          Chrm           ####....     13%         2    None
 Confuse                  Hex            ####....     26%         3    None
 Spectral Weapon          Hex/Chrm       ####....     26%         3    None
 Tukima's Dance           Hex            ####....     26%         3    None
 Ensorcelled Hibernation  Hex/Ice        ###...       41%         2    None
 Shroud of Golubria       Chrm/Tloc      ###.......   41%         2    None
 Swiftness                Chrm/Air       ###.....     41%         2    None
 Bolt of Draining         Conj/Necr      #####.....   54%         5    ####...
 Borgnjor's Vile Clutch   Necr/Erth      #####.....   54%         5    ####...
 Cause Fear               Hex            ####......   63%         4    #......
 Dazzling Spray           Conj/Hex       ###...       65%         3    None
 Inner Flame              Hex/Fire       ###.....     65%         3    None
 Ozocubu's Armour         Chrm/Ice       ###.....     65%         3    None
 Portal Projectile        Hex/Tloc       ###...       65%         3    None
 Apportation              Tloc           ##....       69%         1    None
 Flame Tongue             Conj/Fire      ##...        69%         1    None
 Magic Dart               Conj           ##..         69%         1    None
 Sandblast                Erth           ##....       69%         1    None
 Shock                    Conj/Air       ##..         69%         1    None
 Sting                    Conj/Pois      ##..         69%         1    None
 Summon Butterflies       Summ           ##......     69%         1    None
 Summon Small Mammal      Summ           ##..         69%         1    None
 Blink                    Tloc           N/A          83%         2    None
 Passwall                 Tmut/Erth      ##......     83%         2    None
 Poisonous Vapours        Pois/Air       ##....       83%         2    None
 Searing Ray              Conj           ##....       83%         2    None
 Throw Flame              Conj/Fire      ##....       83%         2    None
 Call Canine Familiar     Summ           ##......     96%         3    None
 Conjure Flame            Conj/Fire      ##......     96%         3    None
 Gell's Gravitas          Tloc           ##........   96%         3    None
 Ignite Poison            Fire/Tmut/Pois ##......     96%         3    None
 Lesser Beckoning         Tloc           ##........   96%         3    None
 Mephitic Cloud           Conj/Pois/Air  ##......     96%         3    None
 Recall                   Summ/Tloc      N/A          96%         3    None
 Stone Arrow              Conj/Erth      ##....       96%         3    None
 Teleport Other           Tloc           ##......     96%         3    None
 Fulminant Prism          Conj/Hex       ###.......   96%         4    #......
 Leda's Liquefaction      Hex/Erth       ###.......   96%         4    #......
 Simulacrum               Ice/Necr       #####.....   98%         6    ######.
 Borgnjor's Revivificati  Necr           ######....   98%         8    #######
 Infestation              Necr           ######....   98%         8    #######
 Force Lance              Conj/Tloc      ##......     100%        4    #......
 Ice Form                 Ice/Tmut       ##......     100%        4    #......
 Iskenderun's Mystic Bla  Conj           ##......     100%        4    #......
 Olgreb's Toxic Radiance  Pois           ##......     100%        4    #......
 Passage of Golubria      Tloc           N/A          100%        4    #......
 Petrify                  Tmut/Erth      ##......     100%        4    #......
 Sticky Flame             Conj/Fire      ##......     100%        4    #......
 Summon Ice Beast         Ice/Summ       ##......     100%        4    #......
 Throw Icicle             Conj/Ice       ##......     100%        4    #......
 Alistair's Intoxication  Tmut/Pois      ##......     100%        5    ####...
 Bolt of Magma            Conj/Fire/Erth ##........   100%        5    ####...
 Fireball                 Conj/Fire      ##........   100%        5    ####...
 Irradiate                Conj/Tmut      ##........   100%        5    ####...
 Iskenderun's Battlesphe  Conj/Chrm      ###.....     100%        5    ####...
 Lee's Rapid Deconstruct  Erth           ##........   100%        5    ####...
 Metabolic Englaciation   Hex/Ice        ###.......   100%        5    ####...
 Silence                  Hex/Air        ###.......   100%        5    ####...
 Summon Forest            Summ/Tloc      ##........   100%        5    ####...
 Summon Mana Viper        Hex/Summ       ###.....     100%        5    ####...
 Venom Bolt               Conj/Pois      ##........   100%        5    ####...
 Bolt of Cold             Conj/Ice       ##........   100%        6    ######.
 Bolt of Fire             Conj/Fire      ##........   100%        6    ######.
 Conjure Ball Lightning   Conj/Air       ##........   100%        6    ######.
 Darkness                 Hex            ####......   100%        6    ######.
 Freezing Cloud           Conj/Ice/Air   ##........   100%        6    ######.
 Hydra Form               Tmut           ##........   100%        6    ######.
 Invisibility             Hex            ####....     100%        6    ######.
 Iron Shot                Conj/Erth      ##........   100%        6    ######.
 Ozocubu's Refrigeration  Ice            ##........   100%        6    ######.
 Shadow Creatures         Summ           N/A          100%        6    ######.
 Statue Form              Tmut/Erth      ##.......    100%        6    ######.
 Haunt                    Necr/Summ      #####.....   100%        7    #######
 Orb of Destruction       Conj           ##........   100%        7    #######
 Spellforged Servitor     Conj/Summ      ##........   100%        7    #######
 Summon Hydra             Summ           ##........   100%        7    #######
 Death's Door             Chrm/Necr      ######....   100%        8    #######
 Necromutation            Tmut/Necr      #####.....   100%        8    #######
 Shatter                  Erth           ##........   100%        9    #######


Dungeon Overview and Level Annotations

Branches:
Dungeon (15/15)            Temple (1/1) D:5            Lair (6/6) D:9
  Swamp (4/4) Lair:3       Spider (4/4) Lair:3        Slime (5/5) Lair:5
    Orc (2/2) D:9             Elf (3/3) Orc:2        Vaults (5/5) D:13
  Crypt (3/3) Vaults:2       Tomb (0/3) Crypt:3      Depths (5/5) D:15
   Hell (1/1)                 Zot (2/5) Depths:5
    Dis: Hell:1         Geh: Hell:1         Coc: Hell:1         Tar: Hell:1

Altars:
Ashenzari
Cheibriados
Dithmenos
Elyvilon
Fedhas
Gozag
Hepliaklqana
Kikubaaqudgha
Makhleb
Nemelex Xobeh
Okawaru
Qazlal
Ru
Sif Muna
Trog
Uskayaw
Vehumet
Xom
Yredelemnul
The Shining One
Beogh
Jiyva

Shops:
D:7 (   D:9 (   D:10 ?   Orc:2 :=([[   Elf:1 ?   Elf:3 }   Vaults:2 !
Depths:4 %

Portals:
Hell: Lair:6 Depths:1 Depths:2 Depths:3 Depths:4 Depths:5
Abyss: Depths:2 Depths:4
Pandemonium: Depths:3 Depths:5
Ziggurat: Depths:2

Annotations:
D:4 1 runed translucent door, Crazy Yiuf
D:6 1 runed translucent door
Depths:3 3 runed translucent doors, P0WERM0DE's ghost, adept DDFi
Hell Geryon


Innate Abilities, Weirdness & Mutations

You have claws for feet.
You are completely covered in yellow scales. (AC +4, rCorr)
A powerful demonic guardian rushes to your aid.
You resist negative energy. (rN+)
You are powered by pain.
You are somewhat able to resist unholy torments (1 in 2 success).
Your melee attacks may debilitate your foes.
You have a beak for a mouth.
You are frail. (-10% HP)
Your magical capacity is low. (-10% MP)
You are highly resistant to hostile enchantments. (MR++)
Your system is resistant to poisons. (rPois)
You evolve.


Message History

Your moth of wrath zombie bites the golden dragon.
You block the golden dragon's attack. The golden dragon claws you.
* * * LOW HITPOINT WARNING * * *
Your corrosive artefact corrodes you!
The golden dragon tramples you but does no damage.
Your spectral shadow dragon bites the golden dragon!
Your spectral shadow dragon claws the golden dragon.
Your spectral shadow dragon drains the golden dragon. x2
Your spectral shadow dragon barely misses the golden dragon.
Your reaper completely misses the golden dragon.
The curse toe calls on the powers of darkness!
Something is bathed in an unholy light!
The golden dragon convulses!
Your body is wracked with pain!
* * * LOW HITPOINT WARNING * * *
You can no longer pass through a line of other dancers.
You puncture the golden dragon! You freeze the golden dragon.
The golden dragon is almost dead.
Your moth of wrath zombie bites the golden dragon but does no damage.
The golden dragon bites you!!!
You die...

###......### #..
........## ##...
......### #.z...
....### #......
##### ###....>.# #
##......#
###......#
####..ZZ.2.#
####.....@D.###
###..........##
######.........####
#........[..####
........#####
.######## ##


You could see a golden dragon (berserk), a curse toe, a friendly reaper, a
friendly spectral shadow dragon and a friendly moth of wrath zombie.

Vanquished Creatures
  the Royal Jelly (Slime:5)
  An orb of fire (Zot:2)
  3 ancient liches
  Mennas (Crypt:2)
  Mara (Elf:3)
  2 juggernauts
  3 Killer Klowns (Zot:2)
  Xtahua (Vaults:5)
  Margery (Vaults:3)
  A curse toe (Zot:2)
  2 caustic shrikes (Depths:4)
  10 golden dragons
  Arachne (Spider:4)
  A profane servitor (Abyss:1)
  4 bone dragons
  An electric golem (Zot:1)
  5 liches
  7 tentacled monstrosities
  A Hell Sentinel (Abyss:3)
  Jorgrun (D:12)
  4 deep elf blademasters
  10 titans
  16 acid blobs
  22 tentacled starspawn
  3 deep elf master archers
  8 quicksilver dragons
  2 death cobs (Zot:2)
  3 sphinxes (Vaults:5)
  6 ancient champions
  2 Executioners (Abyss:3)
  8 tengu reavers
  7 shadow dragons
  Donald (Elf:2)
  4 thorn hunters
  7 storm dragons
  Roxanne (Swamp:2)
  4 revenants
  16 fire giants
  11 azure jellies (Slime:5)
  16 frost giants
  10 deep elf sorcerers
  A draconian scorcher (Zot:1)
  Louise (D:15)
  4 iron dragons
  7 emperor scorpions
  2 balrugs
  6 cacodemons
  3 deep elf elementalists
  17 vault wardens
  4 ghost moths
  3 draconian shifters
  4 orc warlords
  2 curse skulls
  2 spriggan defenders
  28 very ugly things
  A draconian stormcaller (Zot:2)
  3 ghouls
  3 war gargoyles
  12 ironheart preservers
  A reaper (Crypt:3)
  27 stone giants
  9 vampire knights
  An entropy weaver (shapeshifter) (Depths:5)
  2 entropy weavers
  3 deep elf demonologists
  Nessos (D:12)
  2 black draconians (Depths:5)
  A red draconian (Abyss:3)
  2 green draconians
  6 purple draconians
  3 lorocyprocas
  Azrael (D:11)
  3 yellow draconians
  A minotaur (Gauntlet)
  6 deep elf annihilators
  7 eidola
  10 spark wasps
  2 white draconians
  6 deep elf death magi
  2 mummy priests (Crypt:3)
  7 ettins
  A crystal guardian (WizLab)
  9 death oozes
  4 deep elf high priests
  4 blizzard demons
  12 jiangshi
  The ghost of
  1994 the Tainter, a journeyman NaVM of Okawaru (D:10)
  12 fire dragons
  14 yaktaur captains
  21 hydras
  19 great orbs of eyes
  31 vault guards
  A naga warrior (Abyss:3)
  6 ice dragons
  An ice dragon (shapeshifter) (Vaults:5)
  4 rakshasas
  4 shambling mangroves
  5 death knights
  A ghost crab (Swamp:3)
  A catoblepas (Lair:6)
  9 centaur warriors
  A spriggan air mage (Depths:5)
  29 two-headed ogres
  7 deep troll shamans
  5 alligators
  6 tengu warriors
  6 death scarabs (Spider:4)
  9 ogre magi
  11 death yaks
  2 orc high priests
  2 vampire magi
  28 thrashing horrors
  32 dancing weapons
  6 deep troll earth magi
  7 spriggan berserkers
  A storm dragon zombie (Crypt:3)
  A shock serpent (shapeshifter) (Vaults:4)
  25 deep elf knights
  8 hell knights
  7 wretched stars
  A fire crab (shapeshifter) (Depths:4)
  5 shadow wraiths
  A soul eater (Depths:3)
  A titan skeleton (Crypt:2)
  7 sun demons
  4 iron trolls
  5 sixfirhies
  15 skeletal warriors
  7 spatial maelstroms
  2 unseen horrors
  13 deep trolls
  An orange crystal statue (WizLab)
  18 glowing orange brains
  3 flayed ghosts
  An anaconda zombie (Crypt:3)
  An infernal demonspawn (Depths:5)
  10 ironbrand convokers
  A spriggan druid (Swamp:3)
  18 deep elf archers
  6 wizards
  8 phantasmal warriors
  11 swamp dragons
  An anaconda skeleton (Crypt:1)
  2 spectral wolf spiders (Spider:4)
  8 orc knights
  13 orb spiders
  7 necromancers
  4 harpies (Vaults:2)
  2 iron dragon zombies
  A fire giant zombie (Abyss:2)
  A golden dragon skeleton (Crypt:3)
  An orb spider (shapeshifter) (Elf:3)
  67 deep elf magi
  26 wolf spiders
  43 ugly things
  2 wolf spider zombies (Spider:4)
  A mana viper (shapeshifter) (Vaults:3)
  3 cyclopes
  9 shining eyes
  3 orc sorcerers
  A manticore (shapeshifter) (Depths:4)
  A salamander (shapeshifter) (Depths:2)
  4 worldbinders
  A manticore (D:11)
  2 guardian serpents (Abyss:3)
  9 elephants
  7 rust devils
  A stone giant skeleton (Vaults:1)
  An iron dragon skeleton (Crypt:3)
  A stone giant zombie (Abyss:1)
  6 eyes of devastation
  14 vault sentinels
  A moth of wrath (shapeshifter) (Vaults:3)
  A shock serpent zombie (Crypt:3)
  3 guardian serpents (shapeshifter)
  7 smoke demons
  10 moths of wrath
  3 gargoyles
  4 black mambas
  A naga mage (Abyss:3)
  An eye of devastation (shapeshifter) (Vaults:5)
  An apocalypse crab (Abyss:3)
  An ice statue (IceCv)
  68 large abominations
  3 hellions
  A death yak zombie (Crypt:1)
  14 spiny frogs
  A minotaur zombie (Crypt:1)
  4 orange demons
  6 rime drakes
  15 demonic crawlers
  3 efreet
  7 freezing wraiths
  A rime drake (shapeshifter) (Vaults:2)
  A tormentor (Depths:5)
  A shock serpent skeleton (Crypt:3)
  A purple draconian zombie (Crypt:2)
  6 ice devils
  A kobold demonologist (D:13)
  45 yaktaurs
  4 komodo dragons
  3 spectral redbacks (Spider:4)
  12 ancient zymes
  A redback zombie (Spider:4)
  2 queen bees (shapeshifter)
  2 tengu conjurers
  4 hellwings
  2 guardian mummies
  3 red devils
  2 queen bees
  2 jumping spiders (shapeshifter)
  A death drake zombie (Crypt:2)
  A meliai (shapeshifter) (Vaults:5)
  15 polar bears
  A wind drake (shapeshifter) (Vaults:3)
  29 blink frogs
  9 trolls
  8 tyrant leeches
  24 hornets
  A hornet (shapeshifter) (Vaults:4)
  20 jumping spiders
  A shadow dragon simulacrum (Abyss:3)
  5 spectral tarantellas (Spider:4)
  59 slime creatures
  2 ettin zombies
  A blink frog (shapeshifter) (Vaults:3)
  An ice dragon zombie (Abyss:3)
  10 bog bodies
  A hippogriff (shapeshifter) (Vaults:3)
  A frost giant simulacrum (Depths:1)
  24 raiju
  16 flying skulls
  3 jumping spider zombies (Spider:4)
  54 starcursed masses
  3 hippogriffs
  An ice dragon skeleton (Crypt:1)
  A satyr zombie (Crypt:1)
  13 wraiths
  5 shadows
  38 tarantellas
  12 water elementals
  57 redbacks
  4 vampires
  An air elemental (Elf:3)
  6 spriggans
  A spriggan (shapeshifter) (Depths:2)
  15 ynoxinuls
  5 fire elementals
  48 yaks
  A tarantella (shapeshifter) (Depths:2)
  3 ushabtiu (Crypt:3)
  A fire dragon skeleton (Crypt:1)
  A basilisk (shapeshifter) (Depths:2)
  A black mamba skeleton (Abyss:3)
  2 golden eyes (shapeshifter)
  4 hungry ghosts
  30 golden eyes
  4 basilisks
  A catoblepas simulacrum (Abyss:3)
  11 vampire mosquitoes
  8 neqoxecs
  10 spatial vortices
  4 chaos spawn
  5 wargs
  Menkaure (D:5)
  9 insubstantial wisps
  3 soldier ants (D:6)
  11 swamp worms
  2 nagas (Abyss:3)
  20 water moccasins
  An acid dragon (Vaults:2)
  A hydra simulacrum (Abyss:3)
  6 hell hounds
  12 porcupines
  3 spectral hornets (Spider:4)
  4 floating eyes
  54 orc warriors
  5 sky beasts
  2 ettin simulacra
  8 swamp drakes
  A sky beast (shapeshifter) (Vaults:3)
  4 ice beasts
  2 black bears
  2 necrophages
  An ice dragon simulacrum (Abyss:3)
  24 ogres
  8 eyes of draining
  A hornet zombie (D:10)
  A tengu (shapeshifter) (Vaults:5)
  20 wolves
  5 boggarts (Vaults:1)
  2 human skeletons
  20 centaurs
  A lindwurm skeleton (Crypt:3)
  6 big kobolds
  Blork the orc (D:4)
  10 crocodiles
  A wyvern zombie (D:10)
  16 bullfrogs
  3 earth elementals
  2 yaktaur skeletons
  3 scorpions
  A shapeshifter zombie (Crypt:3)
  2 water moccasin skeletons
  49 small abominations
  An orc simulacrum (Vaults:2)
  A snapping turtle simulacrum (Hell)
  44 killer bees
  11 wights
  A swamp dragon simulacrum (Crypt:1)
  6 howler monkeys
  A troll skeleton (Crypt:1)
  A howler monkey (shapeshifter) (Vaults:5)
  A wolf zombie (Crypt:1)
  A bullfrog zombie (D:8)
  3 centaur zombies
  10 crimson imps
  7 hounds
  11 quasits
  A hound (shapeshifter) (Depths:1)
  5 iron imps
  4 jellies
  6 centaur skeletons
  23 orc priests
  31 orc wizards
  A bullfrog skeleton (D:9)
  4 iguanas
  2 black bear skeletons
  9 worker ants
  6 hell rats (Lair:4)
  A demigod zombie (Crypt:2)
  2 dwarf skeletons
  An acid dragon skeleton (Crypt:1)
  2 hound zombies (D:7)
  A human simulacrum (Crypt:1)
  A hound skeleton (D:5)
  2 worker ant zombies
  13 adders
  7 gnolls (Bailey)
  2 river rats (Lair:6)
  A howler monkey skeleton (D:5)
  6 shadow imps
  6 white imps
  An ooze (D:1)
  9 ufetubi
  An adder skeleton (D:7)
  2 worms
  5 dart slugs
  8 leopard geckos
  144 orcs
  3 bats
  13 giant cockroaches
  23 hobgoblins
  15 jackals
  20 kobolds
  6 quokkas
  A ball python (D:3)
  7 frilled lizards
  A giant cockroach zombie (Crypt:2)
  A gnoll skeleton (Crypt:1)
  27 goblins
  A hobgoblin zombie (Crypt:3)
  A jackal skeleton (D:4)
  A jackal zombie (D:5)
  A kobold skeleton (Crypt:2)
  A leopard gecko skeleton (Crypt:1)
  A quokka zombie (D:5)
  12 rats
  3 lurking horrors
  A macabre mass (Abyss:3)
  A plant (Depths:5)
  18 starspawn tentacles
2872 creatures vanquished.

Vanquished Creatures (collateral kills)
  Boris (Depths:4)
  A golden dragon (Depths:4)
  4 bone dragons
  2 tentacled monstrosities
  A moon troll (WizLab)
  A deep elf blademaster (Crypt:2)
  Frances (Spider:2)
  2 liches
  A death cob (Zot:2)
  A titan (Abyss:1)
  An acid blob (Slime:5)
  5 tentacled starspawn
  3 ancient champions (Crypt:3)
  4 shadow dragons
  A revenant (Crypt:3)
  2 fire giants
  An iron dragon (Vaults:5)
  6 frost giants
  An emperor scorpion (Spider:4)
  A ghost moth (Spider:4)
  A ghoul (Crypt:3)
  2 vault wardens
  A deep elf elementalist (Elf:3)
  10 very ugly things
  5 stone giants
  An entropy weaver (Spider:2)
  2 deep elf annihilators (Elf:3)
  2 purple draconians
  A red draconian (Zot:2)
  2 ettins
  2 fire dragons
  2 yaktaur captains
  A great orb of eyes (Slime:2)
  A spriggan air mage (Depths:2)
  2 vault guards
  2 rakshasas
  8 hydras (Swamp:4)
  3 ice dragons
  An ogre mage (Vaults:4)
  4 two-headed ogres
  A death knight (Vaults:3)
  An alligator (Swamp:2)
  A tengu warrior (Depths:1)
  2 death scarabs (Spider:4)
  A death yak (Lair:5)
  A deep troll shaman (Depths:1)
  A spriggan berserker (Depths:4)
  A thrashing horror (Abyss:1)
  3 deep elf knights
  A shadow wraith (Vaults:5)
  3 iron trolls
  A glowing orange brain (WizLab)
  5 deep trolls
  A swamp dragon (Swamp:4)
  7 deep elf archers
  2 orc knights (Vaults:4)
  4 ironbrand convokers
  A harpy (Vaults:2)
  6 deep elf magi
  8 orb spiders
  11 ugly things
  A shining eye (Gauntlet)
  2 moths of wrath
  An elephant (Lair:4)
  An apocalypse crab (Abyss:3)
  A fire giant skeleton (Crypt:3)
  2 vault sentinels
  An eye of devastation (WizLab)
  A molten gargoyle (Depths:1)
  A smoke demon (Abyss:3)
  A centaur skeleton (D:15)
  A spiny frog (Swamp:4)
  An emperor scorpion zombie (Abyss:1)
  A komodo dragon (D:9)
  7 yaktaurs
  A freezing wraith (Crypt:3)
  A guardian mummy (Crypt:3)
  An ice devil (Lair:6)
  3 jumping spiders
  A troll (Vaults:4)
  A red devil (Hell)
  A queen bee (shapeshifter) (Depths:1)
  A meliai (shapeshifter) (Depths:4)
  A tyrant leech (Swamp:3)
  A bog body (Swamp:4)
  A hornet (Swamp:4)
  8 slime creatures
  A blink frog (Lair:6)
  10 redbacks
  A flying skull (Crypt:1)
  A tarantella (Spider:1)
  4 water elementals
  2 large abominations (Abyss:3)
  2 yaks
  A vampire mosquito (Swamp:4)
  4 swamp worms
  A water nymph zombie (Crypt:3)
  A floating eye (Slime:2)
  4 swamp drakes
  4 ogres
  3 wolves
  2 killer bees (D:8)
  A howler monkey (D:8)
  A quasit (Abyss:3)
  5 starcursed masses
  An orc priest (Depths:2)
  An iron imp (Abyss:3)
  An ufetubus (Abyss:1)
  A leopard gecko (shapeshifter) (Depths:2)
  2 orcs
  A fungus (Lair:6)
  3 plants (Depths:5)
  4 starspawn tentacles
260 creatures vanquished.

Vanquished Creatures (others)
  A frost giant (Abyss:1)
  A deep elf elementalist (Elf:3)
  A war gargoyle (Vaults:5)
  A stone giant (Orc:2)
  A vampire knight (Depths:5)
  A green draconian (Abyss:3)
  A shadow wraith (Vaults:4)
  A deep elf mage (Elf:2)
  A yaktaur (Depths:5)
  A wolf spider simulacrum (Abyss:3)
  2 tyrant leeches (Swamp:1)
  A flying skull (Crypt:1)
  A large abomination (Abyss:3)
  A neqoxec (Abyss:3)
  2 centaurs
  2 small abominations (Abyss:3)
  A white imp (Abyss:3)
  2 kobolds
  11 bushes (Depths:4)
  3 demonic plants (WizLab)
  11 fungi
  3 lurking horrors (Abyss:3)
  120 plants
  49 starspawn tentacles
  12 withered plants (Crypt:3)
231 creatures vanquished.

Grand Total: 3363 creatures vanquished

Notes
Turn   | Place    | Note
-------+----------+-------------------------------------------
     0 | D:1      | PikkenKukken the Demonspawn Wanderer began the quest for
                  | the Orb.
     0 | D:1      | PikkenKukken set off with the following items: a +0 shield,
                  | a scroll of teleportation, a +0 short sword, a +0 robe, a
                  | ration
     0 | D:1      | Reached XP level 1. HP: 19/19 MP: 1/1
   343 | D:1      | Gained mutation: You sometimes gain a little power by
                  | taking damage. [demonic ancestry]
   343 | D:1      | Reached XP level 2. HP: 14/25 MP: 2/2
  1027 | D:1      | Reached XP level 3. HP: 28/30 MP: 3/3
  1964 | D:1      | Reached skill level 1 in Armour
  2198 | D:2      | Gained mutation: You have sharp toenails. [demonic
                  | ancestry]
  2198 | D:2      | Reached XP level 4. HP: 38/38 MP: 4/4
  2216 | D:2      | Reached skill level 1 in Dodging
  2272 | D:2      | Found a blossoming altar of Fedhas.
  2832 | D:3      | Reached XP level 5. HP: 43/43 MP: 5/5
  2877 | D:3      | Found a burning altar of Makhleb.
  3610 | D:4      | Gained mutation: You are partially covered in yellow
                  | scales. (AC +2) [demonic ancestry]
  3610 | D:4      | Reached XP level 6. HP: 42/49 MP: 6/6
  3676 | D:4      | Noticed Blork the orc
  3690 | D:4      | Killed Blork the orc
  3998 | D:4      | Reached skill level 5 in Fighting
  4000 | D:4      | Reached XP level 7. HP: 43/56 MP: 7/7
  4569 | D:4      | Found a runed translucent door.
  4570 | D:4      | Noticed Crazy Yiuf
  4687 | D:5      | Entered Level 5 of the Dungeon
  4730 | D:5      | Found a shadowy altar of Dithmenos.
  4782 | D:5      | Found a bloodstained altar of Trog.
  4824 | D:5      | Noticed Menkaure
  4836 | D:5      | Killed Menkaure
  4838 | D:5      | Reached skill level 5 in Short Blades
  5151 | D:5      | Found a staircase to the Ecumenical Temple.
  5158 | Temple   | Entered the Ecumenical Temple
  5258 | Temple   | Became a worshipper of Warmaster Okawaru
  5289 | D:5      | Got a warped spear
  5290 | D:5      | Identified the cursed +0 spear of the Rattle-Snake {drain,
                  | MR- Int+5 Stlth+} (You found it on level 5 of the Dungeon)
  5345 | D:5      | You fall through a shaft for 3 floors!
  5401 | D:8      | Gained mutation: You are mostly covered in yellow scales.
                  | (AC +3) [demonic ancestry]
  5401 | D:8      | Reached XP level 8. HP: 36/63 MP: 8/8
  5408 | D:8      | Reached skill level 1 in Invocations
  6181 | D:5      | Reached * piety under Okawaru
  6341 | D:6      | Reached skill level 6 in Fighting
  6411 | D:6      | Found the +9 staff of Olgreb {rPois}
  6413 | D:6      | Found a runed translucent gate.
  6413 | D:6      | Found a runed translucent gate.
  6414 | D:6      | Found a runed translucent door.
  6425 | D:6      | Found a runed translucent gate.
  6437 | D:6      | Found a runed translucent door.
  7280 | D:7      | Reached XP level 9. HP: 60/69 MP: 11/11
  7714 | D:7      | Reached ** piety under Okawaru
  7886 | D:7      | Found Vacwuet's Weapon Shoppe.
  8403 | D:7      | Found a snail-covered altar of Cheibriados.
  8405 | D:7      | Found a stormy altar of Qazlal.
  8405 | D:7      | Found a radiant altar of Vehumet.
  8407 | D:7      | Found a shimmering altar of Xom.
  8407 | D:7      | Found a glowing golden altar of the Shining One.
  8407 | D:7      | Found a hide-covered altar of Uskayaw.
  8532 | D:8      | Found a sparkling altar of Nemelex Xobeh.
  8732 | D:7      | Reached skill level 5 in Invocations
  8734 | D:7      | Reached skill level 5 in Shields
  8947 | D:8      | Reached skill level 7 in Fighting
  8950 | D:8      | Gained mutation: A weak demonic guardian rushes to your
                  | aid. [demonic ancestry]
  8950 | D:8      | Reached XP level 10. HP: 70/78 MP: 10/13
  8971 | D:8      | Reached skill level 5 in Armour
  9058 | D:8      | Reached *** piety under Okawaru
  9311 | D:8      | Reached skill level 5 in Dodging
 10052 | D:9      | Found a stormy altar of Qazlal.
 10244 | D:9      | Found Ucofyn's Weapon Emporium.
 10244 | D:9      | Found a staircase to the Orcish Mines.
 10444 | D:9      | Found a staircase to the Lair.
 10568 | D:9      | Reached **** piety under Okawaru
 10631 | D:9      | Got a pair of translucent gloves
 10642 | D:9      | Identified the cursed +0 pair of gloves of Shadows and Fog
                  | {rC+ Int+5 Stlth+} (You found it on level 9 of the Dungeon)
 10811 | D:9      | Bought a +6 quick blade for 611 gold pieces
 10830 | D:10     | Entered Level 10 of the Dungeon
 11007 | D:10     | Reached skill level 1 in Spellcasting
 11404 | D:10     | Reached skill level 8 in Fighting
 11414 | D:10     | Reached XP level 11. HP: 83/85 MP: 12/14
 11484 | D:10     | Reached ***** piety under Okawaru
 11757 | D:10     | Found a portal to a secret trove of treasure.
 11783 | D:10     | Noticed 1994's ghost (journeyman NaVM)
 11785 | D:10     | Found a runed translucent door.
 11916 | D:10     | Found Lauffov's Magic Scroll Boutique.
 11924 | D:10     | Bought a scroll of identify for 28 gold pieces
 11924 | D:10     | Bought a scroll of identify for 28 gold pieces
 11924 | D:10     | Bought a scroll of remove curse for 42 gold pieces
 12161 | Lair:1   | Entered Level 1 of the Lair of Beasts
 12182 | Lair:1   | You fall through a shaft!
 12442 | Lair:1   | Found a shattered altar of Ashenzari.
 12588 | Lair:1   | Identified the Volume of Enchanting Confrontation
 12685 | Lair:2   | Received a gift from Okawaru
 12687 | Lair:2   | Noticed a six-headed hydra
 12712 | Lair:2   | Killed a six-headed hydra
 12751 | Lair:2   | Found a frozen archway.
 12761 | IceCv    | Entered an ice cave
 13385 | IceCv    | Reached skill level 9 in Fighting
 13533 | IceCv    | Received a gift from Okawaru
 13533 | IceCv    | Reached XP level 12. HP: 86/94 MP: 18/18
 13633 | IceCv    | Noticed a frost giant
 13686 | IceCv    | Killed a frost giant
 14547 | Lair:2   | Reached skill level 5 in Spellcasting
 14797 | Lair:3   | Reached skill level 5 in Evocations
 14860 | Lair:3   | Noticed a death yak
 14860 | Lair:3   | Noticed a death yak
 14860 | Lair:3   | Noticed a death yak
 14870 | Lair:3   | Noticed a death yak
 14871 | Lair:3   | Noticed a death yak
 14887 | Lair:3   | Killed a death yak
 14895 | Lair:3   | Killed a death yak
 14903 | Lair:3   | Killed a death yak
 14911 | Lair:3   | Killed a death yak
 14918 | Lair:3   | Killed a death yak
 14979 | Lair:3   | Found a hole to the Spider Nest.
 15018 | Lair:3   | Found a staircase to the Swamp.
 15152 | Lair:3   | Reached skill level 10 in Fighting
 15159 | Lair:3   | Received a gift from Okawaru
 15449 | Lair:3   | Gained mutation: You are completely covered in yellow
                  | scales. (AC +4, rCorr) [demonic ancestry]
 15449 | Lair:3   | Reached XP level 13. HP: 102/102 MP: 20/20
 17003 | Lair:5   | Found a white marble altar of Elyvilon.
 17256 | Lair:5   | Learned a level 1 spell: Confusing Touch
 17258 | Lair:5   | Learned a level 1 spell: Animate Skeleton
 17770 | Lair:5   | Found a viscous altar of Jiyva.
 17770 | Lair:5   | Found a staircase to the Slime Pits.
 18511 | Lair:6   | Entered Level 6 of the Lair of Beasts
 18576 | Lair:5   | Reached skill level 1 in Necromancy
 18592 | Lair:6   | Reached skill level 1 in Hexes
 18813 | Lair:5   | Received a gift from Okawaru
 19501 | Lair:6   | Reached ****** piety under Okawaru
 19745 | Lair:5   | Reached XP level 14. HP: 44/110 MP: 19/21
 19957 | Lair:6   | Received a gift from Okawaru
 19957 | Lair:6   | Reached skill level 11 in Fighting
 19960 | Lair:6   | Got an ivory rapier {god gift}
 19961 | Lair:6   | Identified the +1 rapier of Terror {venom, +Fly Stlth+}
                  | (Okawaru gifted it to you on level 6 of the Lair of Beasts)
 20136 | Lair:6   | Got a heavily runed bronze amulet
 20503 | Lair:6   | Identified the amulet of Omampogy {Reflect -Tele rElec
                  | rPois rN+ SH+4} (You found it on level 6 of the Lair of
                  | Beasts)
 20533 | Lair:6   | Found a burning altar of Makhleb.
 20829 | Lair:6   | Found a gateway to Hell.
 21143 | Orc:1    | Entered Level 1 of the Orcish Mines
 21553 | Orc:2    | Entered Level 2 of the Orcish Mines
 21555 | Orc:2    | Found a staircase to the Elven Halls.
 21577 | Orc:2    | Found Cuyppoust's Book Emporium.
 21929 | Orc:2    | Found a roughly hewn altar of Beogh.
 21987 | Orc:2    | Found Cerghuyp's Jewellery Emporium.
 22047 | Orc:1    | Received a gift from Okawaru
 22414 | Orc:2    | Found a roughly hewn altar of Beogh.
 22550 | Orc:2    | Noticed a stone giant
 22557 | Orc:2    | Found a roughly hewn altar of Beogh.
 22560 | Orc:2    | Killed a stone giant
 22643 | Orc:2    | Found a roughly hewn altar of Beogh.
 22682 | Orc:2    | Found Atsozeeph's Antique Armour Shop.
 23166 | Orc:2    | Noticed an orc warlord
 23203 | Orc:2    | Killed an orc warlord
 23203 | Orc:2    | Reached skill level 5 in Necromancy
 23310 | Orc:2    | Noticed a stone giant
 23336 | Orc:2    | Killed a stone giant
 23749 | Orc:2    | Found a roughly hewn altar of Beogh.
 24046 | Orc:2    | Found Faranoi's Antique Armour Shop.
 24046 | Orc:2    | Found a roughly hewn altar of Beogh.
 24049 | Orc:2    | Found Fuix's Antique Weapon Boutique.
 24060 | Orc:2    | Bought a pair of ichor-stained boots for 247 gold pieces
 24065 | Orc:2    | Identified the +3 pair of boots "Plog" {Dex+3} (You bought
                  | it in a shop on level 2 of the Orcish Mines)
 24741 | D:11     | Reached skill level 10 in Shields
 24833 | D:11     | Received a gift from Okawaru
 25210 | D:11     | Learned a level 3 spell: Regeneration
 25425 | D:11     | Reached skill level 10 in Dodging
 25624 | D:11     | You fall through a shaft for 3 floors!
 25674 | D:13     | Reached skill level 5 in Hexes
 25691 | D:13     | Found a flagged portal.
 25713 | Bailey   | Entered a bailey
 26045 | Bailey   | Reached skill level 10 in Armour
 26177 | Bailey   | Noticed an orc warlord
 26219 | Bailey   | Killed an orc warlord
 26339 | Bailey   | Identified 2 scrolls of acquirement
 26342 | Bailey   | Got a transparent pewter ring
 26343 | Bailey   | Identified the ring of the Cicada {rC+ rN+} (You acquired
                  | it in a bailey)
 26755 | D:12     | Noticed Azrael
 27061 | D:11     | Killed Azrael
 27284 | D:12     | Found a radiant altar of Vehumet.
 27302 | D:12     | Gained mutation: You have razor-sharp toenails. [demonic
                  | ancestry]
 27302 | D:12     | Reached XP level 15. HP: 119/119 MP: 22/22
 27625 | D:12     | Noticed Nessos
 27633 | D:12     | Killed Nessos
 28372 | D:12     | Noticed Jorgrun
 28397 | D:12     | Killed Jorgrun
 28780 | D:13     | Found a gate to the Vaults.
 29934 | D:14     | Received a gift from Okawaru
 29934 | D:14     | Reached skill level 12 in Fighting
 30132 | D:14     | Got a slimy dagger
 30133 | D:14     | Identified the cursed +1 dagger of the Realms {drain,
                  | Int+3} (You found it on level 14 of the Dungeon)
 30675 | Swamp:1  | Entered Level 1 of the Swamp
 31562 | Swamp:1  | Found the +0 Maxwell's etheric cage {RegenMP+ *Contam rElec
                  | MP+4}
 31780 | Swamp:2  | Noticed a thorn hunter
 31820 | Swamp:2  | Killed a thorn hunter
 31841 | Swamp:2  | Noticed a thorn hunter
 31866 | Swamp:2  | Killed a thorn hunter
 31866 | Swamp:2  | Received a gift from Okawaru
 32409 | Swamp:2  | Noticed Roxanne
 32457 | Swamp:2  | Killed Roxanne
 33207 | Swamp:3  | Noticed a thorn hunter
 33308 | Swamp:3  | Reached skill level 10 in Evocations
 33524 | Swamp:3  | Gained mutation: A demonic guardian rushes to your aid.
                  | [demonic ancestry]
 33524 | Swamp:3  | Reached XP level 16. HP: 128/128 MP: 23/23
 33597 | Swamp:3  | Received a gift from Okawaru
 33784 | Swamp:3  | Killed a thorn hunter
 33968 | Swamp:3  | Noticed a tentacled monstrosity
 34002 | Swamp:3  | Killed a tentacled monstrosity
 34159 | Swamp:4  | Entered Level 4 of the Swamp
 34341 | Spider:1 | Entered Level 1 of the Spider Nest
 34689 | Spider:1 | Received a gift from Okawaru
 34699 | Spider:1 | Identified the +8 short sword "Xiopo" {freeze, *Contam
                  | rPois rC+ MR+} (Okawaru gifted it to you on level 1 of the
                  | Spider Nest)
 34743 | Spider:1 | Identified the +8 long sword of Zin's Outrage {slice, MR+
                  | Int+5} (You found it on level 1 of the Spider Nest)
 35224 | Spider:1 | Reached skill level 1 in Charms
 35558 | Spider:2 | Noticed Frances
 35583 | Spider:2 | Killed Frances
 35882 | Spider:2 | Reached skill level 13 in Fighting
 37032 | Spider:3 | Identified the cursed +1 scale mail of Qoyblaj {rC+} (You
                  | found it on level 3 of the Spider Nest)
 38055 | Swamp:4  | Received a gift from Okawaru
 38174 | Swamp:4  | Gained mutation: You sometimes gain power by taking damage.
                  | [demonic ancestry]
 38174 | Swamp:4  | Reached XP level 17. HP: 98/136 MP: 24/24
 38264 | Swamp:4  | Paralysed by a hornet for 2 turns
 38422 | Swamp:4  | Got a decaying rune of Zot
 38884 | Spider:4 | Entered Level 4 of the Spider Nest
 39252 | Spider:4 | Received a gift from Okawaru
 39627 | Spider:4 | Noticed Arachne
 39645 | Spider:4 | Killed Arachne
 40133 | Spider:4 | Reached skill level 10 in Necromancy
 40291 | Spider:4 | Received a gift from Okawaru
 40435 | Spider:4 | Reached skill level 5 in Charms
 41547 | Spider:4 | Reached skill level 14 in Fighting
 41722 | Spider:4 | Got a gossamer rune of Zot
 42107 | Vaults:1 | Entered Level 1 of the Vaults
 42186 | Vaults:1 | Gained mutation: You have claws for feet. [demonic
                  | ancestry]
 42186 | Vaults:1 | Reached XP level 18. HP: 102/146 MP: 23/25
 42832 | Vaults:1 | Received a gift from Okawaru
 42839 | Vaults:1 | Got an ichor-stained hand crossbow {god gift}
 42842 | Vaults:1 | Identified the +1 hand crossbow of Chagrin {speed, rC+}
                  | (Okawaru gifted it to you on level 1 of the Vaults)
 43958 | Vaults:2 | Received a gift from Okawaru
 43961 | Vaults:2 | Identified the +10 dagger of the Coward {antimagic, rPois
                  | rN+} (Okawaru gifted it to you on level 2 of the Vaults)
 44519 | Vaults:2 | Identified the cursed +1 leather armour of Vuffa {MR+} (You
                  | found it on level 2 of the Vaults)
 45098 | Vaults:2 | Found a staircase to the Crypt.
 45197 | Vaults:2 | Found Uckyex's Distillery.
 45426 | Vaults:2 | Received a gift from Okawaru
 46126 | Elf:1    | Entered Level 1 of the Elven Halls
 46207 | Elf:1    | Found Xegruzov's Magic Scroll Shoppe.
 46223 | Elf:1    | Bought a scroll of identify for 30 gold pieces
 46695 | Elf:1    | Reached skill level 15 in Fighting
 47174 | Elf:2    | Reached XP level 19. HP: 106/155 MP: 8/26
 47526 | Elf:2    | Noticed a Tzitzimitl
 47891 | Elf:2    | Found a runed translucent gate.
 47891 | Elf:2    | Found a runed translucent gate.
 47892 | Elf:2    | Found a runed translucent gate.
 47945 | Elf:2    | Noticed Donald
 48202 | Elf:2    | Killed Donald
 48202 | Elf:2    | Received a gift from Okawaru
 48205 | Elf:2    | Identified the +6 short sword of the Blue Skies {venom, rC+
                  | rN+ Str+3 Dex+2} (Okawaru gifted it to you on level 2 of
                  | the Elven Halls)
 48825 | Elf:2    | Received a gift from Okawaru
 49686 | Vaults:3 | Found a magical portal.
 49695 | WizLab   | Entered Lehudib's Moon Base
 49810 | WizLab   | Paralysed by a great orb of eyes for 2 turns
 49838 | WizLab   | Received a gift from Okawaru
 50196 | WizLab   | Received a gift from Okawaru
 50394 | WizLab   | Got a flickering granite ring
 50395 | WizLab   | Identified the ring of the Quahog {+Blink +Inv Str+4} (You
                  | found it in a wizard's laboratory)
 50462 | WizLab   | Found a transporter.
 50531 | WizLab   | Reached skill level 16 in Fighting
 50860 | WizLab   | Gained mutation: You are frail. (-10% HP) [a cacodemon]
 50869 | WizLab   | Gained mutation: You occasionally shout uncontrollably at
                  | your foes. [a cacodemon]
 50872 | WizLab   | Gained mutation: You are clumsy. (Dex -2) [a cacodemon]
 50873 | WizLab   | Gained mutation: Your spells are a little easier to cast,
                  | but a little less powerful. [a cacodemon]
 50883 | WizLab   | Gained mutation: A powerful demonic guardian rushes to your
                  | aid. [demonic ancestry]
 50883 | WizLab   | Reached XP level 20. HP: 147/147 MP: 21/27
 51135 | WizLab   | Found a transporter.
 51182 | WizLab   | Paralysed by accursed screaming for 1 turns
 51295 | WizLab   | Gained mutation: You are very clumsy. (Dex -4) [a
                  | cacodemon]
 51326 | WizLab   | Got a scintillating steel ring
 51327 | WizLab   | Identified the ring "Igaxigew" {+Fly rN+ Str+4} (You found
                  | it in a wizard's laboratory)
 51346 | WizLab   | Lost mutation: You are very clumsy. (Dex -4) [potion of
                  | mutation]
 51346 | WizLab   | Lost mutation: You are clumsy. (Dex -2) [potion of
                  | mutation]
 51346 | WizLab   | Lost mutation: You occasionally shout uncontrollably at
                  | your foes. [potion of mutation]
 51346 | WizLab   | Lost mutation: You are frail. (-10% HP) [potion of
                  | mutation]
 51346 | WizLab   | Gained mutation: Your magical capacity is low. (-10% MP)
                  | [potion of mutation]
 51346 | WizLab   | Gained mutation: You evolve. [potion of mutation]
 51427 | Vaults:3 | Noticed Margery
 51449 | Vaults:3 | Killed Margery
 51561 | Vaults:3 | Received a gift from Okawaru
 52227 | Vaults:3 | Reached skill level 15 in Dodging
 52227 | Vaults:3 | Reached skill level 15 in Shields
 52317 | Vaults:3 | Reached skill level 15 in Armour
 52856 | Vaults:4 | Received a gift from Okawaru
 54087 | Vaults:4 | Reached XP level 21. HP: 96/173 MP: 8/25
 54113 | Vaults:4 | Reached skill level 17 in Fighting
 54790 | Vaults:4 | Received a gift from Okawaru
 55135 | D:15     | Entered Level 15 of the Dungeon
 55142 | D:15     | Noticed Louise
 55297 | D:15     | Found a gate leading to a gauntlet.
 55306 | Gauntlet | Entered a Gauntlet
 55306 | Gauntlet | Found a transporter.
 55306 | Gauntlet | Found a transporter.
 55306 | Gauntlet | Found a transporter.
 55306 | Gauntlet | Found a transporter.
 55310 | Gauntlet | Found a transporter.
 55330 | Gauntlet | Found a transporter.
 55336 | Gauntlet | Found a transporter.
 55339 | Gauntlet | Found a transporter.
 55398 | Gauntlet | Found a transporter.
 55417 | Gauntlet | Found a transporter.
 55422 | Gauntlet | Found the +5 demon whip "Spellbinder" {antimagic, MR+}
 55434 | Gauntlet | Found a transporter.
 55456 | Gauntlet | Found a transporter.
 55609 | Gauntlet | Got a slimy ivory ring
 55610 | Gauntlet | Identified the ring "Geyl" {Fire *Slow MP+9 Str+4 Stlth+}
                  | (You found it in a Gauntlet)
 55751 | Gauntlet | Identified the cursed +0 plate armour of Qazlal's Wrath
                  | {Str+4 SInv Stlth+} (You found it in a Gauntlet)
 56054 | D:15     | Found a staircase to the Depths.
 56335 | D:15     | Killed Louise
 56504 | Depths:1 | Entered Level 1 of the Depths
 56698 | Depths:1 | Received a gift from Okawaru
 56847 | Depths:1 | Gained mutation: You expend magic power (3 MP) to
                  | strengthen your wands. [evolution]
 56869 | Depths:1 | Identified the cursed +0 cloak of Bifu {Int+6} (You found
                  | it on level 1 of the Depths)
 57013 | Depths:1 | Found a glowing golden altar of the Shining One.
 57572 | Depths:2 | Received a gift from Okawaru
 57577 | Depths:2 | Identified the +5 shield of Leapfrog {rPois rF+ Str+4
                  | Int-4} (Okawaru gifted it to you on level 2 of the Depths)
 57643 | Depths:2 | Reached skill level 10 in Short Blades
 58272 | Depths:2 | Found a runed translucent door.
 59003 | Depths:2 | Noticed a golden dragon
 59024 | Depths:2 | Killed a golden dragon
 59209 | Depths:2 | Gained mutation: You are powered by pain. [demonic
                  | ancestry]
 59209 | Depths:2 | Reached XP level 22. HP: 160/183 MP: 3/26
 59708 | Depths:2 | Found a one-way gate to the infinite horrors of the Abyss.
 59727 | Depths:2 | Found a gateway to a ziggurat.
 59759 | Depths:2 | Received a gift from Okawaru
 59917 | Depths:2 | Identified the Incunabulum of Flames and Ice
 59941 | Depths:2 | Identified the cursed +1 plate armour of the Circus Animal
                  | {-Cast +Blink rCorr Str+5} (You found it on level 2 of the
                  | Depths)
 59943 | Depths:2 | Identified the cursed +1 ring mail of the Salamander
                  | {*Drain +Inv rElec rN+++} (You found it on level 2 of the
                  | Depths)
 60446 | Depths:3 | Reached skill level 18 in Fighting
 60543 | Depths:3 | Found a one-way gate leading to the halls of Pandemonium.
 60794 | Depths:3 | Found a runed translucent gate.
 60794 | Depths:3 | Found a runed translucent gate.
 60794 | Depths:3 | Found a runed translucent gate.
 60795 | Depths:3 | Noticed P0WERM0DE's ghost (adept DDFi)
 60795 | Depths:3 | Noticed a caustic shrike
 61094 | Depths:3 | Received a gift from Okawaru
 61487 | Depths:3 | You fall through a shaft for 2 floors!
 61487 | Depths:5 | Entered Level 5 of the Depths
 61635 | Depths:5 | Noticed a golden dragon
 61652 | Depths:5 | Killed a golden dragon
 61963 | Depths:5 | Gained mutation: Armour fits poorly on your strangely
                  | shaped body. [a shining eye]
 62187 | Depths:4 | Received a gift from Okawaru
 63225 | Depths:4 | Found Puoshroot's Food Emporium.
 63402 | D:10     | You paid a toll of +5 fire dragon scales to enter a
                  | treasure trove
 63403 | Trove    | Entered a treasure trove
 63422 | Trove    | Identified the ring "Kitis" {rC+ Dex+2} (You found it in a
                  | treasure trove)
 63424 | Trove    | Identified the ring of Ehoy {rPois MR+ Int+3 Stlth+} (You
                  | found it in a treasure trove)
 63428 | Trove    | Identified the ring of Dawn {rCorr Str+6} (You found it in
                  | a treasure trove)
 63432 | Trove    | Identified the ring "Fodwuoble" {rPois Dex+7} (You found it
                  | in a treasure trove)
 63434 | Trove    | Identified the ring "Seqeatat" {rC+ Dex+6} (You found it in
                  | a treasure trove)
 63437 | Trove    | Identified the ring "Lolualiob" {+Fly Int+5 Dex+4} (You
                  | found it in a treasure trove)
 63439 | Trove    | Identified the ring of Moodiness {rPois rF++} (You found it
                  | in a treasure trove)
 63511 | Trove    | Gained mutation: Your muscles are strong. (Str +2)
                  | [evolution]
 63512 | Trove    | Lost mutation: You evolve. [potion of mutation]
 63512 | Trove    | Lost mutation: You expend magic power (3 MP) to strengthen
                  | your wands. [potion of mutation]
 63512 | Trove    | Gained mutation: You expend magic power (3 MP) to
                  | strengthen your wands. [potion of mutation]
 63512 | Trove    | Gained mutation: You are somewhat resistant to further
                  | mutation. [potion of mutation]
 63513 | Trove    | Lost mutation: Your spells are a little easier to cast, but
                  | a little less powerful. [potion of mutation]
 63513 | Trove    | Lost mutation: You expend magic power (3 MP) to strengthen
                  | your wands. [potion of mutation]
 63513 | Trove    | Gained mutation: You are dopey. (Int -2) [potion of
                  | mutation]
 63513 | Trove    | Gained mutation: Your magical capacity is very low. (-20%
                  | MP) [potion of mutation]
 63513 | Trove    | Gained mutation: Your flesh is heat resistant. (rF+)
                  | [potion of mutation]
 63513 | Trove    | Gained mutation: You have a pair of small horns on your
                  | head. [potion of mutation]
 63514 | Trove    | Lost mutation: Your magical capacity is very low. (-20% MP)
                  | [potion of mutation]
 63514 | Trove    | Lost mutation: Your flesh is heat resistant. (rF+) [potion
                  | of mutation]
 63514 | Trove    | Lost mutation: Armour fits poorly on your strangely shaped
                  | body. [potion of mutation]
 63514 | Trove    | Gained mutation: Armour fits poorly on your strangely
                  | shaped body. [potion of mutation]
 63514 | Trove    | Gained mutation: Your system is resistant to poisons.
                  | (rPois) [potion of mutation]
 63514 | Trove    | Lost mutation: You are dopey. (Int -2) [potion of mutation]
 63515 | Trove    | Lost mutation: Armour fits poorly on your strangely shaped
                  | body. [potion of mutation]
 63515 | Trove    | Lost mutation: Your magical capacity is low. (-10% MP)
                  | [potion of mutation]
 63515 | Trove    | Lost mutation: You have a pair of small horns on your head.
                  | [potion of mutation]
 63515 | Trove    | Lost mutation: Your system is resistant to poisons. (rPois)
                  | [potion of mutation]
 63515 | Trove    | Gained mutation: You are dopey. (Int -2) [potion of
                  | mutation]
 63515 | Trove    | Gained mutation: Your spells are a little easier to cast,
                  | but a little less powerful. [potion of mutation]
 63515 | Trove    | Gained mutation: Your system is resistant to poisons.
                  | (rPois) [potion of mutation]
 63690 | Elf:3    | Entered Level 3 of the Elven Halls
 63731 | Elf:3    | Noticed Mara
 63752 | Elf:3    | Killed Mara
 63976 | Elf:3    | Gained mutation: You resist negative energy. (rN+) [demonic
                  | ancestry]
 63976 | Elf:3    | Reached XP level 23. HP: 47/192 MP: 11/35
 64244 | Elf:3    | Found Dabotooz's Gadget Shoppe.
 64522 | Elf:3    | Identified the cursed +1 mace "Junuqone" {speed, rC+}
 64589 | Elf:3    | Identified the +7 double sword "Bysagor" {freeze, Int+4}
 64965 | Elf:3    | Identified the +6 scale mail of Jitsus {Int+2} (You found
                  | it on level 3 of the Elven Halls)
 65054 | Elf:3    | Identified Sif Muna's Handbook of Enthralling Feathers
 65059 | Elf:3    | Identified the cursed +0 plate armour of Oneivi {rPois rN+
                  | Str+6 Int-2} (You found it on level 3 of the Elven Halls)
 65103 | Elf:3    | Got a twitching zirconium amulet
 65209 | Elf:1    | Bought a scroll of magic mapping for 52 gold pieces
 65209 | Elf:1    | Bought a scroll of identify for 30 gold pieces
 65209 | Elf:1    | Identified the amulet of Doeng {Spirit rPois} (You found it
                  | on level 3 of the Elven Halls)
 66152 | Depths:4 | Noticed a caustic shrike
 66166 | Depths:4 | Killed a caustic shrike
 66228 | Depths:4 | Reached skill level 10 in Spellcasting
 66362 | Depths:4 | Received a gift from Okawaru
 66399 | Depths:4 | Noticed Boris
 66424 | Depths:4 | Killed Boris
 66470 | Depths:4 | Identified the amulet of Apoypaw {+Rage rC++ MP+9}
 66520 | Depths:4 | Noticed a caustic shrike
 66542 | Depths:4 | Killed a caustic shrike
 66602 | Depths:4 | Got an ancient copper ring
 66603 | Depths:4 | Identified the amulet "Motosok" {Faith *Corrode rElec
                  | Slay+3} (You found it on level 4 of the Depths)
 66852 | Depths:4 | Identified the ring "Nodofogo" {rF+ Int+4} (You found it on
                  | level 4 of the Depths)
 66885 | Depths:5 | Noticed a juggernaut
 66904 | Depths:5 | Killed a juggernaut
 67691 | Depths:5 | Found a gate to the Realm of Zot.
 68090 | Hell     | Entered the Vestibule of Hell
 68090 | Hell     | Noticed Geryon
 68101 | Depths:5 | Reached skill level 19 in Fighting
 68967 | Depths:4 | Identified the ring "Qusma" {rC+ rN+ MP+9 Stlth-}
 69400 | Temple   | Fell from the grace of Okawaru
 69400 | Temple   | Became a worshipper of Uskayaw the Reveler
 69737 | Vaults:2 | Reached * piety under Uskayaw
 69756 | Crypt:1  | Entered Level 1 of the Crypt
 69759 | Crypt:1  | Reached ** piety under Uskayaw
 69764 | Crypt:1  | Reached *** piety under Uskayaw
 69766 | Crypt:1  | Reached **** piety under Uskayaw
 70087 | Crypt:1  | Gained mutation: You are somewhat able to resist unholy
                  | torments (1 in 2 success). [demonic ancestry]
 70087 | Crypt:1  | Reached XP level 24. HP: 184/201 MP: 12/37
 70095 | Crypt:1  | Reached ***** piety under Uskayaw
 70112 | Crypt:1  | Reached ****** piety under Uskayaw
 71409 | Crypt:2  | Noticed Mennas
 71435 | Crypt:2  | Killed Mennas
 71772 | Crypt:3  | Entered Level 3 of the Crypt
 72774 | Crypt:3  | Found a staircase to the Tomb.
 73539 | Crypt:3  | Found an ancient bone altar of Kikubaaqudgha.
 73540 | Crypt:3  | Found a basalt altar of Yredelemnul.
 73625 | Crypt:3  | Identified the Volume of the Lucky Glacier
 74208 | Depths:2 | Voluntarily entered the Abyss.
 74208 | Abyss:1  | Found a corrupted altar of Lugonu.
 74828 | Abyss:1  | Paralysed by accursed screaming for 1 turns
 75103 | Abyss:1  | Reached skill level 20 in Fighting
 75409 | Abyss:3  | Found a corrupted altar of Lugonu.
 75601 | Abyss:3  | Found a roughly hewn altar of Beogh.
 75608 | Abyss:3  | Found a roughly hewn altar of Beogh.
 75780 | Abyss:3  | Reached XP level 25. HP: 192/210 MP: 12/37
 75912 | Abyss:3  | Was forgiven by Okawaru
 76666 | Abyss:3  | Paralysed by you for 5 turns
 76697 | Abyss:3  | Identified the +2 scale mail "Duotosoe" {rC++ Str-4 Int+8
                  | Dex-3} (You found it on level 3 of the Abyss)
 76829 | Depths:2 | Escaped the Abyss
 76848 | Depths:2 | Voluntarily entered the Abyss.
 76955 | Abyss:1  | Noticed a juggernaut
 76964 | Abyss:1  | Killed a juggernaut
 76964 | Abyss:1  | Reached skill level 10 in Invocations
 77402 | Abyss:3  | Learned a level 5 spell: Excruciating Wounds
 77534 | Abyss:3  | Gained mutation: Your magical capacity is low. (-10% MP) [a
                  | neqoxec]
 77578 | Abyss:3  | Paralysed by accursed screaming for 1 turns
 77590 | Depths:2 | Escaped the Abyss
 77724 | Depths:2 | Lost mutation: Your muscles are strong. (Str +2) [potion of
                  | mutation]
 77724 | Depths:2 | Lost mutation: Your spells are a little easier to cast, but
                  | a little less powerful. [potion of mutation]
 77724 | Depths:2 | Gained mutation: You are resistant to hostile enchantments.
                  | (MR+) [potion of mutation]
 77725 | Depths:2 | Lost mutation: Your magical capacity is low. (-10% MP)
                  | [potion of mutation]
 77725 | Depths:2 | Lost mutation: You are somewhat resistant to further
                  | mutation. [potion of mutation]
 77725 | Depths:2 | Lost mutation: You are dopey. (Int -2) [potion of mutation]
 77725 | Depths:2 | Gained mutation: You are highly resistant to hostile
                  | enchantments. (MR++) [potion of mutation]
 77725 | Depths:2 | Gained mutation: You evolve. [potion of mutation]
 77758 | Depths:2 | Voluntarily entered the Abyss.
 77976 | Abyss:1  | Noticed an ancient lich
 77999 | Abyss:1  | Killed an ancient lich
 78112 | Abyss:2  | Found a corrupted altar of Lugonu.
 78134 | Abyss:2  | Found a corrupted altar of Lugonu.
 78346 | Abyss:2  | Found a corrupted altar of Lugonu.
 78360 | Abyss:2  | Got an ebony long sword
 79068 | Abyss:3  | Reached skill level 15 in Necromancy
 79160 | Abyss:3  | Paralysed by a floating eye for 3 turns
 79196 | Abyss:3  | Got an abyssal rune of Zot
 79362 | Abyss:3  | Paralysed by accursed screaming for 1 turns
 79396 | Abyss:3  | Gained mutation: Your melee attacks may debilitate your
                  | foes. [demonic ancestry]
 79396 | Abyss:3  | Reached XP level 26. HP: 184/220 MP: 10/39
 79437 | Abyss:3  | Gained mutation: You have a beak for a mouth. [evolution]
 79486 | Abyss:3  | Reached skill level 21 in Fighting
 79885 | Depths:2 | Escaped the Abyss
 79992 | Depths:2 | Identified the +10 long sword "Hellblazer" {slice, Str+3}
                  | (You found it on level 2 of the Abyss)
 80889 | D:10     | Killed 1994's ghost
 81407 | Vaults:5 | Entered Level 5 of the Vaults
 81407 | Vaults:5 | Noticed Xtahua
 81447 | Vaults:5 | Killed Xtahua
 81451 | Vaults:5 | Identified the +4 lajatang of Moral Flaws {elec, Int+5}
 81729 | Vaults:5 | Got a faintly glowing lead amulet
 81730 | Vaults:5 | Identified the amulet "Zatz" {Inacc MR+} (You found it on
                  | level 5 of the Vaults)
 81963 | Vaults:5 | Identified the cursed +3 shortbow of the Ageless Lovers
                  | {venom, Int+4 Dex+6}
 82248 | Vaults:5 | Got a silver rune of Zot
 82251 | Vaults:5 | Got a distressingly furry buckler
 82252 | Vaults:5 | Identified the cursed +0 buckler "Kiesoemi" {MR+ Int+2
                  | Slay-6} (You found it on level 5 of the Vaults)
 82382 | Vaults:5 | Noticed an ancient lich
 82397 | Vaults:5 | Killed an ancient lich
 82795 | Vaults:5 | Reached XP level 27. HP: 230/230 MP: 41/41
 82956 | Vaults:5 | Identified Spellcraft, Part Three
 83528 | Slime:1  | Entered Level 1 of the Pits of Slime
 83786 | Slime:2  | Paralysed by a floating eye for 3 turns
 83894 | Slime:3  | Gained mutation: You are frail. (-10% HP) [a shining eye]
 83926 | Slime:5  | Entered Level 5 of the Pits of Slime
 84055 | Slime:5  | Found a viscous altar of Jiyva.
 84056 | Slime:5  | Noticed the Royal Jelly
 84088 | Slime:5  | Killed the Royal Jelly
 84354 | Slime:5  | Found the +5 robe of Night {Dark MR+ SInv}
 84437 | Slime:5  | Identified the Volume of Ghastly Good Luck
 84445 | Slime:5  | Got a slimy rune of Zot
 84469 | Slime:5  | Learned a level 6 spell: Death Channel
 84497 | Slime:5  | Identified the Reference Book on Creation and Cold
 84500 | Slime:5  | Identified the Incunabulum of Fiery Execration
 84524 | Slime:5  | Learned a level 5 spell: Agony
 84529 | Slime:5  | Learned a level 4 spell: Animate Dead
 85025 | Zot:1    | Entered Level 1 of the Realm of Zot
 85386 | Zot:1    | Reached skill level 22 in Fighting
 86281 | Zot:2    | Reached skill level 15 in Spellcasting
 86438 | Zot:2    | Noticed an orb of fire
 86458 | Zot:2    | Gained mutation: Your magical capacity is low. (-10% MP)
                  | [an orb of fire]
 86461 | Zot:2    | Noticed an ancient lich
 86473 | Zot:2    | Killed an orb of fire
 86484 | Zot:2    | Killed an ancient lich
 87038 | Zot:2    | Mangled by a golden dragon

Skill      XL: |  1  2  3  4  5  6  7  8  9 10 11 12 13 14 15 16 17 18 19 20 21 22 23 24 25 26 27 |
---------------+----------------------------------------------------------------------------------+-----
Short Blades   | 2 3 4 5 6 7 8 9 10 | 10.0
Armour         | 1 2 3 4 6 7 8 9 10 11 12 13 14 15 16 17 18 19 20 | 20.0
Dodging        | 1 2 3 4 6 7 8 9 10 11 12 13 14 15 16 17 18 19 20 | 20.0
Shields        | 2 3 4 5 6 7 8 9 10 11 12 13 14 15 16 17 18 | 18.0
Fighting       | 5 6 7 8 9 10 11 12 13 14 15 16 17 18 19 20 21 22 | 22.6
Invocations    | 3 5 9 10 | 10.0
Spellcasting   | 2 4 5 8 10 12 14 15 | 15.0
Evocations     | 4 6 7 8 10 | 10.3
Necromancy     | 3 5 7 9 10 11 12 13 15 16 18 | 18.2
Hexes          | 3 5 6 |  6.0
Charms         | 3 5 6 |  6.0
Stealth        | |  1.0
Unarmed Combat | |  1.0

Action                   |  1- 3 |  4- 6 |  7- 9 | 10-12 | 13-15 | 16-18 | 19-21 | 22-24 | 25-27 || total
-------------------------+-------+-------+-------+-------+-------+-------+-------+-------+-------++-------
Melee: Short sword       |   220 |   236 |   219 |   202 |       |       |       |       |       ||   877
       Kick              |       |    50 |   165 |   461 |   971 |   940 |  1322 |  1716 |  1247 ||  6872
       Spear             |       |       |   405 |       |       |       |       |       |       ||   405
       Quick blade       |       |       |       |  1183 |  3654 |  2432 |   728 |    28 |  1092 ||  9117
       Punch             |       |       |       |     2 |       |       |       |       |       ||     2
       Rapier            |       |       |       |       |    16 |       |       |       |       ||    16
       Dagger            |       |       |       |       |       |   183 |  1832 |  2902 |  1183 ||  6100
       Unarmed           |       |       |       |       |       |       |       |    30 |       ||    30
       Peck              |       |       |       |       |       |       |       |       |   381 ||   381
 Cast: Animate Skeleton  |       |       |       |       |     5 |    47 |   128 |    94 |    39 ||   313
       Confusing Touch   |       |       |       |       |     1 |     1 |     1 |     2 |     1 ||     6
       Regeneration      |       |       |       |       |       |    11 |    36 |    64 |    69 ||   180
       Death Channel     |       |       |       |       |       |       |       |       |    17 ||    17
       Animate Dead      |       |       |       |       |       |       |       |       |     9 ||     9
       Excruciating Woun |       |       |       |       |       |       |       |       |     4 ||     4
       Agony             |       |       |       |       |       |       |       |       |     1 ||     1
Invok: Heroism           |       |       |     8 |    19 |    16 |    19 |    25 |    18 |       ||   105
       Finesse           |       |       |       |     3 |     7 |    10 |     9 |    10 |       ||    39
       Grand Finale      |       |       |       |       |       |       |       |       |     1 ||     1
Evoke: Wand              |       |       |       |       |    13 |    34 |    12 |     4 |    24 ||    87
       Lamp of fire      |       |       |       |       |       |       |       |       |     1 ||     1
       Phantom mirror    |       |       |       |       |       |       |       |       |     1 ||     1
  Use: Scroll            |     3 |     8 |     6 |     6 |    22 |    16 |    16 |    39 |    31 ||   147
       Potion            |       |     1 |     3 |       |     2 |     3 |     5 |    15 |    11 ||    40
 Stab: Sleeping          |     2 |       |       |       |    10 |    23 |    10 |     1 |       ||    46
       Distracted        |       |       |       |     4 |    14 |     6 |    19 |    13 |     8 ||    64
       Petrified         |       |       |       |       |     3 |       |       |       |       ||     3
       Confused          |       |       |       |       |     3 |     2 |       |     1 |       ||     6
       Paralysed         |       |       |       |       |     2 |     4 |       |    72 |   174 ||   252
       Invisible         |       |       |       |       |       |       |       |       |     2 ||     2
  Eat: Chunk             |     4 |     6 |    13 |    17 |    42 |    14 |    23 |    12 |       ||   131
       Ration            |       |       |     4 |     1 |     6 |     8 |     7 |    15 |    16 ||    57
Armor: Robe              |     4 |       |       |       |       |       |       |       |       ||     4
       Leather armour    |    19 |       |       |       |       |       |       |       |       ||    19
       Chain mail        |    68 |   120 |   213 |       |       |       |       |       |       ||   401
       Plate armour      |       |       |    88 |   356 |   195 |       |       |       |       ||   639
       Shadow dragon sca |       |       |       |       |   405 |   685 |   308 |    67 |       ||  1465
       Gold dragon scale |       |       |       |       |       |       |       |   428 |   404 ||   832
Dodge: Dodged            |    48 |    57 |   114 |   160 |   459 |   673 |   616 |   608 |   411 ||  3146
Block: Shield            |    89 |    82 |   278 |   411 |  1219 |  1009 |   970 |  1582 |   965 ||  6605
       Reflection        |       |       |       |    12 |    35 |       |     1 |     8 |       ||    56
